 Dungeon Crawl Stone Soup version 0.23-a0-296-ga3b1b28 (webtiles) character file.

256 Ijustatesigmund the Conjurer (level 6, -3/39 HPs)
             Began as an Octopode Conjurer on Oct 5, 2018.
             Slain by a centaur (8 damage)
             ... on level 6 of the Dungeon.
             The game lasted 00:06:18 (4172 turns).

Ijustatesigmund the Conjurer (Octopode Conjurer)    Turns: 4172, Time: 00:06:19

Health: -3/39      AC:  1    Str:  4 (7)  XL:     6   Next: 16%
Magic:  3/9        EV: 14    Int: 14 (17) God:
Gold:   83         SH:  0    Dex: 14 (15) Spells: 3/9 levels left

rFire    + . .     SeeInvis .   a - +2 dagger (holy)
rCold    + . .     Gourm    .   (no shield)
rNeg     . . .     Faith    .   (helmet restricted)
rPois    +         Spirit   .   (no amulet)
rElec    +         Reflect  .   g - ring of poison resistance
rCorr    +         Harm     .   (no ring)
MR       .....                  (no ring)
Stlth    +++.......             (no ring)
HPRegen  0.13/turn              (no ring)
MPRegen  0.11/turn              (no ring)
                                (no ring)
                                (no ring)

@: lethally poisoned (-3 -> -6), resistant
A: almost no armour, stealthy swim, amphibious, 8 rings, constrict 8, camouflage
1, gelatinous body 1
a: no special abilities


You were on level 6 of the Dungeon.
You were not hungry.

You visited 1 branch of the dungeon, and saw 4 of its levels.

You collected 83 gold pieces.

Inventory:

Hand Weapons
 a - a +2 dagger of holy wrath (weapon)
Armour
 f - a +0 shield
Jewellery
 g - a ring of poison resistance (left tentacle)
Potions
 c - 2 potions of flight
 d - a potion of brilliance
 e - a potion of degeneration
 j - a potion of agility {unknown}
Comestibles
 b - 5 rations
 i - a chunk of flesh


   Skills:
 + Level 2.2 Fighting
 * Level 3.3 Short Blades
 + Level 3.1 Dodging
 - Level 2.6 Stealth
 - Level 2.0 Spellcasting
 - Level 5.1 Conjurations


You had 3 spell levels left.
You knew the following spells:

 Your Spells              Type           Power        Failure   Level  Hunger
a - Magic Dart            Conj           ###.         3%          1    ##.....
b - Searing Ray           Conj           ###...       4%          2    ###....
c - Dazzling Spray        Conj/Hex       #.....       26%         3    ####...

Your spell library contained the following spells:

 Spells                   Type           Power        Failure   Level  Hunger
 Iskenderun's Mystic Bla  Conj           ###.....     28%         4    #####..
 Force Lance              Conj/Tloc      #.......     63%         4    #####..
 Fulminant Prism          Conj/Hex       #.........   63%         4    #####..


Dungeon Overview and Level Annotations

Branches:
Dungeon (3/15)

Altars:
Dithmenos
Elyvilon
Nemelex Xobeh


Innate Abilities, Weirdness & Mutations

You cannot wear most types of armour.
You are very stealthy in the water. (Stealth+)
You are amphibious.
You can wear up to eight rings at the same time.
You can use your tentacles to constrict eight enemies at once.
Your skin changes colour to match your surroundings (Stealth+).
Your rubbery body absorbs attacks. (AC +1, EV +1)


Message History

The adder closely misses you.
The searing ray hits the centaur.
The centaur is heavily wounded.
You finish channeling your searing ray.
You feel sick. The centaur misses you. The adder completely misses you.
The centaur hits you. The adder closely misses you.
Casting: Searing Ray (safe; 3% risk of failure)
Confirm with . or Enter, or press ? or * to list all spells.
You don't have enough magic to cast that spell.
It was a potion of degeneration.
There was something very wrong with that liquid.
You feel weakened.
You feel dopey.
You feel clumsy. The centaur hits you!
* * * LOW HITPOINT WARNING * * *
The adder bites you.
* * * LOW HITPOINT WARNING * * *
It was a potion of resistance.
You feel protected. The centaur hits you!
You die...

###.# #...#
#.### )# #.#
... #.# ....
#.# ....# #.#
......#####.#
......#@....#
#...cS...##
#.#....#.#
#.....####.#
###.#. #.#
#.#. #.# . #
..# # ###


You could see a centaur and an adder.

Vanquished Creatures
  An ogre (D:6)
  A worker ant (D:6)
  7 adders
  An adder zombie (D:6)
  6 dart slugs
  A leopard gecko (D:2)
  3 orcs (D:2)
  2 ball pythons (D:2)
  6 bats
  4 giant cockroaches
  7 goblins
  5 hobgoblins
  8 jackals
  A frilled lizard (D:2)
  A jackal zombie (D:6)
  5 kobolds
  10 rats
69 creatures vanquished.

Notes
Turn   | Place    | Note
-------+----------+-------------------------------------------
     0 | D:1      | Ijustatesigmund the Octopode Conjurer began the quest for
                  | the Orb.
     0 | D:1      | Reached XP level 1. HP: 11/11 MP: 3/3
   453 | D:1      | Reached XP level 2. HP: 17/17 MP: 0/5
  1034 | D:1      | Learned a level 2 spell: Searing Ray
  1306 | D:1      | Reached XP level 3. HP: 21/21 MP: 4/6
  1324 | D:1      | Reached skill level 5 in Conjurations
  1827 | D:1      | Learned a level 3 spell: Dazzling Spray
  2631 | D:2      | Reached skill level 1 in Short Blades
  2631 | D:2      | Reached XP level 4. HP: 27/27 MP: 2/7
  2678 | D:2      | Found a shadowy altar of Dithmenos.
  2857 | D:2      | Reached skill level 1 in Fighting
  3059 | D:2      | Found a white marble altar of Elyvilon.
  3184 | D:2      | Reached XP level 5. HP: 33/33 MP: 0/8
  4053 | D:3      | You fall through a shaft for 3 floors!
  4053 | D:6      | Noticed an ogre
  4060 | D:6      | Killed an ogre
  4078 | D:6      | Reached XP level 6. HP: 39/39 MP: 0/9
  4116 | D:6      | Found a sparkling altar of Nemelex Xobeh.
  4172 | D:6      | Slain by a centaur

Vault maps used:
D:1:      scummos_arrival_checkerplants
D:2:      nicolae_dithmenos_through_a_glass_darkly, lemuel_doored_altar,
          first_ration
D:3:      uniq_crazy_yiuf_cottage, uniq_ijyb, uniq_sigmund, uniq_natasha
D:6:      black_bear_nest_1, lemuel_round_altar, enter_ossuary_1, uniq_pikel

Skill      XL: |  1  2  3  4  5 |
---------------+----------------+-----
Conjurations   | 5 |  5.1
Short Blades   | 1 2 3 |  3.3
Fighting       | 1 2 |  2.2
Dodging        | 3 |  3.1
Stealth        | |  2.6
Spellcasting   | |  2.0

Action                   |  1- 3 |  4- 6 || total
-------------------------+-------+-------++-------
Melee: Unarmed           |    10 |       ||    10
       Constrict         |     8 |    10 ||    18
       Tentacles         |     3 |     6 ||     9
       Whip              |    13 |       ||    13
       Dagger            |     1 |    38 ||    39
 Cast: Magic Dart        |    65 |    45 ||   110
       Searing Ray       |       |     3 ||     3
  Use: Scroll            |     3 |     2 ||     5
       Potion            |       |     2 ||     2
 Stab: Sleeping          |     3 |     2 ||     5
  Eat: Chunk             |     6 |     6 ||    12
Armor: Skin              |     2 |     3 ||     5
Dodge: Dodged            |    21 |    48 ||    69

Table legend:
 A = Non-vault XP
 B = Vault XP
 C = Vault XP percentage of total XP
 D = Non-vault monster count
 E = Vault monster count
 F = Vault count percentage of total count
                 A         B        C        D         E       F
            +---------+---------+-------+---------+---------+-------
      Total |     367 |       0 |   0.0 |      69 |       0 |   0.0
            +---------+---------+-------+---------+---------+-------
        D:1 |      54 |       0 |   0.0 |      29 |       0 |   0.0
        D:2 |     137 |       0 |   0.0 |      34 |       0 |   0.0
        D:3 |       2 |       0 |   0.0 |       1 |       0 |   0.0
        D:6 |     174 |       0 |   0.0 |       5 |       0 |   0.0
            +---------+---------+-------+---------+---------+-------
